 Dungeon Crawl Stone Soup version 0.29-a0-299-g4c793a2ed2 (webtiles) character file.

Game seed: 14454330710716673379

282 Dabor the Chopper (level 6, 0/56 HPs)
             Began as a Hill Orc Monk on Mar 24, 2022.
             Slain by an ogre
             ... wielding a +0 giant club
              (29 damage)
             ... on level 4 of the Dungeon.
             The game lasted 00:04:29 (4237 turns).

Dabor the Chopper (Hill Orc Monk)                   Turns: 4237, Time: 00:04:29

Health: 0/56       AC:  6    Str: 16    XL:     6   Next: 28%
Magic:  15/15      EV: 11    Int: 10    God:
Gold:   197        SH:  0    Dex: 13    Spells: 5/5 levels left

rFire   . . .      SeeInvis .   i - +2 club (spect)
rCold   . . .      Faith    .   (no shield)
rNeg    . . .      Spirit   .   h - +0 ring mail
rPois   +          Reflect  .   o - +0 helmet
rElec   .          Harm     .   (no cloak)
rCorr   .          Rampage  .   (no gloves)
Will    .....                   (no boots)
Stlth   ++........              (no amulet)
HPRegen 0.18/turn               f - ring of magical power
MPRegen 0.14/turn               (no ring)

@: no status effects
A: poison resistance, subdued magic 1
a: no special abilities


You were on level 4 of the Dungeon.
You visited 1 branch of the dungeon, and saw 5 of its levels.

You collected 197 gold pieces.

Inventory:

Hand Weapons
 a - a +0 hand axe
 i - a +2 spectral club (weapon)
Missiles
 l - 6 javelins (quivered)
 m - 2 throwing nets
Armour
 b - a +0 robe
 h - a +0 ring mail (worn)
 o - a +0 helmet (worn)
Jewellery
 f - a ring of magical power (left hand)
 j - a ring of fire
 k - a ring of fire
Wands
 n - a wand of paralysis (14)
Scrolls
 e - 4 scrolls of identify
 g - 5 scrolls of noise
 r - a scroll of holy word
Potions
 c - a potion of ambrosia
 d - 2 potions of might
 p - a potion of haste {unknown}
 q - a potion of curing {unknown}


   Skills:
 + Level 5.0 Fighting
 + Level 5.5 Axes
 + Level 1.6 Throwing
 + Level 3.3 Dodging
 + Level 3.0 Stealth


You had 5 spell levels left.
You didn't know any spells.
Your spell library was empty.

Dungeon Overview and Level Annotations

Branches:
Dungeon (5/15)
 Temple: D:4-7

Altars:


Innate Abilities, Weirdness & Mutations

Your system is resistant to poisons. (rPois)
Your spells are a little easier to cast, but a little less powerful.


Message History

A kobold is nearby!
The kobold shouts!
You hear a shout!
A giant cockroach comes into view.
Things that are here:
a +0 scale mail; a +0 whip of electrocution
Okay, then.
You hit the kobold.
You kill the kobold!
An ogre comes into view. It is wielding a +0 giant club.
You barely miss the giant cockroach.
Your +2 spectral club hits the giant cockroach.
The giant cockroach bites you but does no damage.
You hit the giant cockroach but do no damage.
The giant cockroach is almost dead.
Your +2 spectral club hits the giant cockroach.
You kill the giant cockroach!
Your Stealth skill increases to level 3!
Found a glowing mace and a scroll of identify.
Things that are here:
a +0 club; a kobold corpse You hit the ogre.
Your punch misses the ogre.
The ogre is lightly wounded.
Your +2 spectral club hits the ogre.
The ogre hits you with a +0 giant club!!
Ouch! That really hurt!
You are too injured to fight recklessly!
You are too injured to fight recklessly!
You are too injured to fight recklessly!
You hit the ogre but do no damage.
The ogre is moderately wounded.
Your +2 spectral club hits the ogre.
The ogre misses you.
You hit the ogre.
The ogre is heavily wounded.
Your +2 spectral club barely misses the ogre.
You hit the ogre.
The ogre is severely wounded.
Your +2 spectral club closely misses the ogre.
The ogre hits you with a +0 giant club!!
Ouch! That really hurt!
You die...

.. .. .. ...
.##.... #.
..#.... . ###.
....... ..#...
.......
.....####O(.....
#......@......)
..#?#....###....
..#.
##.....##..##
#...#.[........#
#....[.>###....
###....).....##
#....)....##
#........###
...........#


You could see an ogre and a friendly +2 spectral club (summoned).

Vanquished Creatures
  A necrophage (D:5)
  Jessica (D:2)
  An iguana (D:5)
  Robin (D:2)
  4 adders
  3 gnolls
  2 worms
  5 dart slugs
  9 orcs
  3 ball pythons
  6 endoplasms
  2 giant cockroaches
  14 goblins
  5 hobgoblins
  3 jackals (D:2)
  4 kobolds
  5 quokkas
  5 bats
  A frilled lizard (D:2)
  A rat (D:1)
76 creatures vanquished.

Vanquished Creatures (others)
  4 plants (D:2)
4 creatures vanquished.

Grand Total: 80 creatures vanquished

Notes
Turn   | Place    | Note
-------+----------+-------------------------------------------
     0 | D:1      | Dabor the Hill Orc Monk began the quest for the Orb.
     0 | D:1      | Reached XP level 1. HP: 19/19 MP: 1/1
   377 | D:1      | Reached XP level 2. HP: 15/27 MP: 2/2
   821 | D:1      | Found a faded altar of an unknown god.
  1134 | D:2      | Noticed Jessica
  1138 | D:2      | Killed Jessica
  1139 | D:2      | Reached XP level 3. HP: 22/33 MP: 3/3
  1470 | D:2      | Reached XP level 4. HP: 31/41 MP: 4/4
  1746 | D:2      | Noticed Robin
  2344 | D:2      | Killed Robin
  2778 | D:3      | Reached XP level 5. HP: 47/47 MP: 5/5
  2870 | D:3      | Reached skill level 5 in Axes
  2939 | D:3      | Reached skill level 1 in Throwing
  3519 | D:3      | Gained mutation: Your spells are a little easier to cast,
                  | but a little less powerful. [potion of mutation]
  3519 | D:3      | Gained mutation: Your system is resistant to poisons.
                  | (rPois) [potion of mutation]
  3567 | D:4      | You fall into a shaft and drop 1 floor!
  3567 | D:5      | Entered Level 5 of the Dungeon
  3778 | D:5      | Reached XP level 6. HP: 41/55 MP: 6/6
  3834 | D:5      | Reached skill level 5 in Fighting
  4237 | D:4      | Slain by an ogre

Illustrated notes

Levels and vault maps discovered:
D:1:      roderic_chinese_lattice_arrival, layout_basic, basic_ecumenical_altar,
          minmay_tetromino_o2
D:2:      layout_basic, serial_glass, glass_columns_a, glass_columns_a,
          serial_bayou_ford_a, uniq_robin, uniq_jessica
D:3:      layout_basic
D:4:      layout_cave_pools, minmay_temple_entry_trees, corexii_shack,
          kennysheep_orc_chapel
D:5:      layout_basic, dk_vineyard_1, corexii_item_surrounded_by_moat

Skill      XL: |  1  2  3  4  5  6 |
---------------+-------------------+-----
Fighting       | 4 5 |  5.0
Stealth        | 2 3 |  3.0
Dodging        | 3 |  3.3
Axes           | 5 |  5.5
Throwing       | 1 |  1.6

Action                   |  1- 3 |  4- 6 || total
-------------------------+-------+-------++-------
Melee: Hand axe          |    47 |       ||    47
       Punch             |     2 |       ||     2
       Club              |    11 |   108 ||   119
  Use: Scroll            |       |     4 ||     4
       Potion            |       |     1 ||     1
 Stab: Distracted        |       |     1 ||     1
       Sleeping          |       |     1 ||     1
Armor: Robe              |    11 |       ||    11
       Ring mail         |     4 |    38 ||    42
Dodge: Dodged            |    38 |    73 ||   111

Table legend: (Time is in decaauts)
 A = Elapsed time spent in this place.
 B = Non-inter-level travel time spent in this place.
 C = Inter-level travel time spent in this place.
 D = Time resting spent in this place.
 E = Time spent auto-exploring this place.
 F = Levels seen in this place.
 G = Mean time per level.
                   A        B        C        D        E       F      G
               +--------+--------+--------+--------+--------+-----+--------+
         Total |   4276 |   4043 |    233 |    766 |   2783 |   5 |  855.2 |
       Dungeon |   4276 |   4043 |    233 |    766 |   2783 |   5 |  855.2 |
               +--------+--------+--------+--------+--------+-----+--------+

Top non-repeatable levels by time:
     D:1: 1548 daAuts
     D:2: 1239 daAuts
     D:3: 776 daAuts
     D:5: 615 daAuts
     D:4: 95 daAuts
